TOP OF THE 1ST |
Idaho Falls Chukars batting - Pitching for Yellowknife Dragonblood : RHP Surrealiste Zhejna
|
Pitching: RHP Surrealiste Zhejna
|
|
Batting: LHB Juan Rosado
|
0-0: SINGLE (Groundball, 4MD)
|
Batting: RHB Yoichibei Chikafuji
|
0-0: Foul Ball, location: 2F 0-1: Fielders Choice at 2nd, 4-6 (Groundball, 4)
|
Batting: RHB Ilkka Haapajarvi
|
0-0: Called Strike Yoichibei Chikafuji steals 2nd base 0-1: SINGLE (Groundball, 56S) (infield hit) Yoichibei Chikafuji to third
|
Batting: LHB Víctor Puente
|
0-0: Ball 1-0: Fly out, F6 (Popup, 6MD)
|
Batting: SHB Tony Manzanares
|
0-0: Ball 1-0: Foul Ball, location: 2F 1-1: Ground out 1-3 (Groundball, P)
|
Top of the 1st over - 0 runs, 2 hits, 0 errors, 2 left on base; Idaho Falls 0 - Yellowknife 0 |
BOTTOM OF THE 1ST |
Yellowknife Dragonblood batting - Pitching for Idaho Falls Chukars : RHP Noah Beck
|
Pitching: RHP Noah Beck
|
|
Batting: LHB Juan Macíel
|
0-0: SINGLE (Flyball, 89S)
|
Batting: RHB Juan López
|
0-0: Called Strike Juan Macíel steals 2nd base 0-1: Ground out 4-3 (Groundball, 4M) Juan Macíel to third
|
Batting: LHB Jayden Laming
|
0-0: Called Strike 0-1: Ball 1-1: Fly out, F7 (Flyball, 78S) Runner from 3rd tags up, SCORES, no throw
|
Batting: LHB Santiago Miranda
|
0-0: Foul Ball, location: 2F 0-1: Foul Ball, location: 2F 0-2: Ground out U3 (Groundball, 34)
|
Bottom of the 1st over - 1 run, 1 hit, 0 errors, 0 left on base; Idaho Falls 0 - Yellowknife 1 |
TOP OF THE 2ND |
Idaho Falls Chukars batting - Pitching for Yellowknife Dragonblood : RHP Surrealiste Zhejna
|
Batting: RHB Fytor Ceia
|
0-0: Swinging Strike 0-1: Ball 1-1: Foul Ball, location: 2F 1-2: Ball 2-2: Foul Ball, location: 2F 2-2: Strikes out swinging
|
Batting: SHB Ernesto Carrión
|
0-0: Called Strike 0-1: Called Strike 0-2: Fly out, F8 (Flyball, 8LM)
|
Batting: RHB Shih-k'ai Sima
|
0-0: Foul Ball, location: 2F 0-1: Swinging Strike 0-2: Ground out 5-3 (Groundball, 56S)
|
Top of the 2nd over - 0 runs, 0 hits, 0 errors, 0 left on base; Idaho Falls 0 - Yellowknife 1 |
BOTTOM OF THE 2ND |
Yellowknife Dragonblood batting - Pitching for Idaho Falls Chukars : RHP Noah Beck
|
Batting: SHB Miklos Elias
|
0-0: Ball 1-0: Ground out 4-3 (Groundball, 4)
|
Batting: RHB Fernando González
|
0-0: Called Strike 0-1: Ball 1-1: Ball 2-1: SINGLE (Flyball, 89M)
|
Batting: RHB Cristo Cuervo
|
0-0: Ball 1-0: Called Strike 1-1: Called Strike 1-2: Ball 2-2: Grounds into double play, 6-4-3 (Groundball, 6)
|
Bottom of the 2nd over - 0 runs, 1 hit, 0 errors, 0 left on base; Idaho Falls 0 - Yellowknife 1 |
TOP OF THE 3RD |
Idaho Falls Chukars batting - Pitching for Yellowknife Dragonblood : RHP Surrealiste Zhejna
|
Batting: RHB Luo-lang Li
|
0-0: Ball 1-0: Fly out, F8 (Flyball, 8LD)
|
Batting: LHB Juan Rosado
|
0-0: Ball 1-0: Foul Ball, location: 2F 1-1: SINGLE (Groundball, 4D)
|
Batting: RHB Yoichibei Chikafuji
|
0-0: Foul Ball, location: 2F 0-1: SINGLE (Line Drive, 6) Juan Rosado to second
|
Batting: RHB Ilkka Haapajarvi
|
0-0: Fly out, F8 (Flyball, 8RS)
|
Batting: LHB Víctor Puente
|
0-0: Ball 1-0: Ball 2-0: Ball 3-0: Base on Balls Juan Rosado to third Yoichibei Chikafuji to second
|
Batting: SHB Tony Manzanares
|
0-0: Called Strike 0-1: Swinging Strike 0-2: Ground out 4-3 (Groundball, 4S)
|
Top of the 3rd over - 0 runs, 2 hits, 0 errors, 3 left on base; Idaho Falls 0 - Yellowknife 1 |
BOTTOM OF THE 3RD |
Yellowknife Dragonblood batting - Pitching for Idaho Falls Chukars : RHP Noah Beck
|
Batting: RHB Víctor Cuevas
|
0-0: Fly out, F4 (Line Drive, 34)
|
Pitching: RHP Armando Ríos
|
|
Batting: RHB Mitsuhide Bando
|
0-0: Ground out 1-3 (Groundball, 13S)
|
Batting: LHB Juan Macíel
|
0-0: Ball 1-0: Swinging Strike 1-1: Ground out 5-3 (Groundball, 56)
|
Bottom of the 3rd over - 0 runs, 0 hits, 0 errors, 0 left on base; Idaho Falls 0 - Yellowknife 1 |
TOP OF THE 4TH |
Idaho Falls Chukars batting - Pitching for Yellowknife Dragonblood : RHP Surrealiste Zhejna
|
Batting: RHB Fytor Ceia
|
0-0: Ball 1-0: Ball 2-0: Ball 3-0: Base on Balls
|
Batting: SHB Ernesto Carrión
|
0-0: Called Strike 0-1: Foul Ball, location: 2F 0-2: Foul Ball, location: 2F 0-2: Strikes out swinging
|
Batting: RHB Shih-k'ai Sima
|
0-0: SINGLE (Flyball, 8RS) Fytor Ceia to second
|
Batting: RHB Luo-lang Li
|
0-0: Foul Ball, location: 2F 0-1: Grounds into double play, 5-4-3 (Groundball, 56)
|
Top of the 4th over - 0 runs, 1 hit, 0 errors, 1 left on base; Idaho Falls 0 - Yellowknife 1 |
BOTTOM OF THE 4TH |
Yellowknife Dragonblood batting - Pitching for Idaho Falls Chukars : RHP Armando Ríos
|
Batting: RHB Juan López
|
0-0: Ball 1-0: Called Strike 1-1: Called Strike 1-2: Foul Ball, location: 2F 1-2: Ball 2-2: Foul Ball, location: 2F 2-2: SINGLE (Groundball, 25) (infield hit)
|
Batting: LHB Jayden Laming
|
0-0: Called Strike 0-1: Called Strike 0-2: Foul Ball, location: 2F 0-2: Foul Ball, location: 2F 0-2: Ball 1-2: Strikes out looking
|
Batting: LHB Santiago Miranda
|
0-0: Ball 1-0: Ball 2-0: Foul Ball, location: 2F 2-1: Ball 3-1: Called Strike 3-2: SINGLE (Groundball, 34D) Juan López to second Runner from 2nd tries for 3rd, SAFE, no throw
|
Batting: SHB Miklos Elias
|
0-0: Ball 1-0: Swinging Strike 1-1: Ball 2-1: Ball 3-1: Base on Balls Santiago Miranda to second
|
Batting: RHB Fernando González
|
0-0: Called Strike 0-1: Foul Ball, location: 2F 0-2: Strikes out swinging
|
Batting: RHB Cristo Cuervo
|
0-0: Ball 1-0: Fly out, F3 (Popup, 3L)
|
Bottom of the 4th over - 0 runs, 2 hits, 0 errors, 3 left on base; Idaho Falls 0 - Yellowknife 1 |
TOP OF THE 5TH |
Idaho Falls Chukars batting - Pitching for Yellowknife Dragonblood : RHP Surrealiste Zhejna
|
Batting: LHB Juan Rosado
|
0-0: Called Strike 0-1: Foul Ball, location: 2F 0-2: SINGLE (Groundball, 56D)
|
Batting: RHB Yoichibei Chikafuji
|
0-0: Bunt missed! 0-1: Sac Bunt - play at first, batter OUT! 2-4 Juan Rosado to second
|
Batting: RHB Ilkka Haapajarvi
|
0-0: Called Strike 0-1: Called Strike 0-2: Fly out, F3 (Line Drive, 3)
|
Batting: LHB Víctor Puente
|
0-0: Foul Ball, location: 2F 0-1: Ball 1-1: Ball 2-1: Fly out, F9 (Flyball, 9LMF)
|
Top of the 5th over - 0 runs, 1 hit, 0 errors, 1 left on base; Idaho Falls 0 - Yellowknife 1 |
BOTTOM OF THE 5TH |
Yellowknife Dragonblood batting - Pitching for Idaho Falls Chukars : RHP Armando Ríos
|
Batting: RHB Víctor Cuevas
|
0-0: Ball 1-0: Fly out, F6 (Line Drive, 6)
|
Batting: RHB Mitsuhide Bando
|
0-0: Ball 1-0: Ground out 4-3 (Groundball, 4)
|
Batting: LHB Juan Macíel
|
0-0: Swinging Strike 0-1: SINGLE (Line Drive, 5D)
|
Batting: RHB Juan López
|
0-0: Ball 1-0: Foul Ball, location: 2F 1-1: Ball 2-1: SINGLE (Groundball, 4D) Juan Macíel to second Runner from 2nd tries for 3rd, SAFE, no throw
|
Batting: LHB Jayden Laming
|
0-0: Ball 1-0: Ball 2-0: Called Strike 2-1: Ground out U3 (Groundball, 34S)
|
Bottom of the 5th over - 0 runs, 2 hits, 0 errors, 2 left on base; Idaho Falls 0 - Yellowknife 1 |
TOP OF THE 6TH |
Idaho Falls Chukars batting - Pitching for Yellowknife Dragonblood : RHP Surrealiste Zhejna
|
Batting: SHB Tony Manzanares
|
0-0: Ball 1-0: Ball 2-0: SINGLE (Groundball, 2L) (infield hit)
|
Batting: RHB Fytor Ceia
|
0-0: Ball 1-0: Grounds into double play, 5-4-3 (Groundball, 56)
|
Batting: SHB Ernesto Carrión
|
0-0: Ground out U3 (Groundball, 34)
|
Top of the 6th over - 0 runs, 1 hit, 0 errors, 0 left on base; Idaho Falls 0 - Yellowknife 1 |
BOTTOM OF THE 6TH |
Yellowknife Dragonblood batting - Pitching for Idaho Falls Chukars : RHP Armando Ríos
|
Batting: LHB Santiago Miranda
|
0-0: Called Strike 0-1: Ball 1-1: Foul Ball, location: 2F 1-2: Ball 2-2: Strikes out swinging
|
Batting: SHB Miklos Elias
|
0-0: Called Strike 0-1: Swinging Strike 0-2: Fly out, F7 (Flyball, 78S)
|
Batting: RHB Fernando González
|
0-0: Ball 1-0: Called Strike 1-1: Called Strike 1-2: Fly out, F9 (Flyball, 9S)
|
Bottom of the 6th over - 0 runs, 0 hits, 0 errors, 0 left on base; Idaho Falls 0 - Yellowknife 1 |
TOP OF THE 7TH |
Idaho Falls Chukars batting - Pitching for Yellowknife Dragonblood : RHP Surrealiste Zhejna
|
Batting: RHB Shih-k'ai Sima
|
0-0: Ground out 6-3 (Groundball, 6D)
|
Batting: RHB Luo-lang Li
|
0-0: Ball 1-0: Foul Ball, location: 2F 1-1: Ball 2-1: Ground out U3 (Groundball, 34)
|
Batting: LHB Juan Rosado
|
0-0: Fly out, F7 (Line Drive, 7LM)
|
Top of the 7th over - 0 runs, 0 hits, 0 errors, 0 left on base; Idaho Falls 0 - Yellowknife 1 |
BOTTOM OF THE 7TH |
Yellowknife Dragonblood batting - Pitching for Idaho Falls Chukars : RHP Armando Ríos
|
Batting: RHB Cristo Cuervo
|
0-0: Called Strike 0-1: Ball 1-1: Ball 2-1: Ball 3-1: Foul Ball, location: 2F 3-2: Foul Ball, location: 2F 3-2: Fly out, F8 (Flyball, 8LD)
|
Batting: RHB Víctor Cuevas
|
0-0: Ball 1-0: SINGLE (Line Drive, 56D)
|
Pinch Hitting: RHB Riley Walker
|
0-0: Ball 1-0: Foul Ball, location: 2F 1-1: Ball 2-1: Fly out, F4 (Popup, 4D)
|
Batting: LHB Juan Macíel
|
0-0: Called Strike Víctor Cuevas steals 2nd base 0-1: SINGLE (Line Drive, 78S) Víctor Cuevas to third Runner from 3rd tries for Home, SAFE, no throw
|
Batting: RHB Juan López
|
0-0: Foul Ball, location: 2F 0-1: Called Strike 0-2: Ball 1-2: Fly out, F7 (Line Drive, 7S)
|
Bottom of the 7th over - 1 run, 2 hits, 0 errors, 1 left on base; Idaho Falls 0 - Yellowknife 2 |
TOP OF THE 8TH |
Idaho Falls Chukars batting - Pitching for Yellowknife Dragonblood : RHP Surrealiste Zhejna
|
Now at 3B: Orlando Moruga
|
|
Batting: RHB Yoichibei Chikafuji
|
0-0: Ball 1-0: Ball 2-0: Ball 3-0: Called Strike 3-1: Called Strike 3-2: Fly out, F4 (Popup, 34)
|
Batting: RHB Ilkka Haapajarvi
|
0-0: Called Strike 0-1: Ball 1-1: Foul Ball, location: 2F 1-2: Foul Ball, location: 2F 1-2: Ground out 6-3 (Groundball, 56)
|
Batting: LHB Víctor Puente
|
0-0: Called Strike 0-1: Ball 1-1: Called Strike 1-2: Ball 2-2: Ball 3-2: Ground out 1-3 (Groundball, 15S)
|
Top of the 8th over - 0 runs, 0 hits, 0 errors, 0 left on base; Idaho Falls 0 - Yellowknife 2 |
BOTTOM OF THE 8TH |
Yellowknife Dragonblood batting - Pitching for Idaho Falls Chukars : RHP Armando Ríos
|
Batting: LHB Jayden Laming
|
0-0: Ball 1-0: Called Strike 1-1: Swinging Strike 1-2: SINGLE (Line Drive, 4MD)
|
Batting: LHB Santiago Miranda
|
0-0: Swinging Strike 0-1: Swinging Strike 0-2: Foul Ball, location: 2F 0-2: Ball 1-2: Strikes out swinging
|
Batting: SHB Miklos Elias
|
0-0: Ball 1-0: Called Strike 1-1: Ball 2-1: Swinging Strike 2-2: Foul Ball, location: 2F 2-2: Strikes out looking
|
Batting: RHB Fernando González
|
0-0: Ball Jayden Laming steals 2nd base 1-0: Foul Ball, location: 2F 1-1: Called Strike 1-2: Foul Ball, location: 2F 1-2: Foul Ball, location: 2F 1-2: SINGLE (Line Drive, 3D) Jayden Laming to third Runner from 3rd tries for Home, SAFE, no throw
|
Batting: RHB Cristo Cuervo
|
0-0: Foul Ball, location: 2F 0-1: SINGLE (Flyball, 56D) Fernando González to second
|
Pitching: RHP Juan Rúbio
|
|
Batting: RHB Víctor Cuevas
|
0-0: Ball 1-0: Swinging Strike 1-1: Foul Ball, location: 2F 1-2: Foul Ball, location: 2F 1-2: Strikes out looking
|
Bottom of the 8th over - 1 run, 3 hits, 0 errors, 2 left on base; Idaho Falls 0 - Yellowknife 3 |
TOP OF THE 9TH |
Idaho Falls Chukars batting - Pitching for Yellowknife Dragonblood : RHP Surrealiste Zhejna
|
Batting: SHB Tony Manzanares
|
0-0: Fly out, F5 (Popup, 15S)
|
Batting: RHB Fytor Ceia
|
0-0: Called Strike 0-1: Foul Ball, location: 2F 0-2: Ground out 5-3 (Groundball, 5L)
|
Batting: SHB Ernesto Carrión
|
0-0: Called Strike 0-1: Foul Ball, location: 2F 0-2: Foul Ball, location: 2F 0-2: Ball 1-2: Ground out 5-3 (Groundball, 5)
|
Top of the 9th over - 0 runs, 0 hits, 0 errors, 0 left on base; Idaho Falls 0 - Yellowknife 3 |
|